 Dungeon Crawl Stone Soup version 0.20-a0-350-ga83eecc (webtiles) character file.

343 snakesoul the Shield-Bearer (level 6, -5/39 HPs)
             Began as a Gargoyle Fighter on Dec 24, 2016.
             Slain by an ogre
             ... wielding a +0 giant spiked club
              (14 damage)
             ... on level 4 of the Dungeon.
             The game lasted 00:03:03 (2029 turns).

snakesoul the Shield-Bearer (Gargoyle Fighter)      Turns: 2029, Time: 00:03:04

Health: -5/39      AC: 11    Str: 19    XL:     6   Next: 57%
Magic:  6/6        EV:  7    Int:  9    God:
Gold:   198        SH:  9    Dex: 11    Spells: 5/5 levels left

rFire  . . .     SeeInvis +     a - +0 flail
rCold  . . .     Gourm    .     b - +0 scale mail
rNeg   + . .     Faith    .     c - +0 shield
rPois  ∞         Spirit   .     (no helmet)
rElec  +         Reflect  .     (no cloak)
rCorr  .         Harm     .     (no gloves)
MR     .....                    (no boots)
Stlth  ..........               (no amulet)
                                (no ring)
                                e - ring of see invisible

@: no status effects
A: negative energy resistance 1, electricity resistance, unbreathing,
petrification resistance, rot immunity, AC +4
a: no special abilities


You were on level 4 of the Dungeon.
You were hungry.

You visited 1 branch of the dungeon, and saw 4 of its levels.

You collected 198 gold pieces.

Inventory:

Hand Weapons
 a - a +0 flail (weapon)
Armour
 b - a +0 scale mail (worn)
 c - a +0 shield (worn)
Jewellery
 e - a ring of see invisible (left hand)
 o - an uncursed amulet of the gourmand {unknown}
Wands
 p - a wand of paralysis (13/24)
Scrolls
 g - a scroll of recharging {unknown}
 h - 2 scrolls of amnesia {unknown}
 i - 7 scrolls of identify {unknown}
 k - a scroll of remove curse {unknown}
 m - 2 scrolls of fear {unknown}
 n - 2 scrolls of teleportation {unknown}
 s - 2 scrolls of enchant weapon {unknown}
Potions
 d - a potion of might
 l - 2 potions of heal wounds {unknown}
 r - a potion of curing {unknown}
 t - a potion of flight {unknown}
 v - a potion of magic {unknown}
 w - a potion of agility {unknown}
 x - a potion of cancellation {unknown}
Comestibles
 f - 3 bread rations
 j - 2 meat rations
 q - 2 fruits
 u - a beef jerky


   Skills:
 + Level 4.7 Fighting
 * Level 4.0 Maces & Flails
 + Level 4.6 Armour
 + Level 4.8 Shields


You had 5 spell levels left.
You didn't know any spells.

Dungeon Overview and Level Annotations

Branches:
Dungeon (4/15)
 Temple: D:4-7

Altars:


Innate Abilities, Weirdness & Mutations

You are resistant to torment.
Your stone body is resilient. (AC +4)
You are immune to poison.
You resist negative energy. (rN+)
You are resistant to electric shocks. (rElec)
You can survive without breathing.
You are immune to petrification.
You are immune to rotting.


Message History

You kill the orc!
You hit the ogre but do no damage. The ogre completely misses you.
You hit the ogre.
The ogre is lightly wounded.
You block the ogre's attack.
You sock the ogre!
The ogre is moderately wounded.
The ogre barely misses you.
Your shield and scale mail prevent you from hitting the ogre.
The ogre is moderately wounded.
You block the ogre's attack.
You sock the ogre!
The ogre is severely wounded.
The ogre hits you with a giant spiked club!!
Ouch! That really hurt!
* * * LOW HITPOINT WARNING * * *
You hit the ogre.
The ogre is almost dead.
The ogre hits you with a giant spiked club!
You die...

### ... ... ###### #.#
#....# #.# ######....#
#.#
#.........#####.###.#.#
#.........).@Ooo......#
#.........#####.#......
#.####.>..# #..#.#.#..
###'####....# #.O# # #
#..........## #.o# #
#..........# #).#
###..........# #...
..###'######### #....
..###<......... ......


You could see an ogre, an orc wizard (invisible) and an orc.

Vanquished Creatures
  Sigmund (D:4)
  The ghost of snakesoul the Magician, an amateur DEFE (D:3)
  An orc priest (D:4)
  3 adders
  An ooze (D:1)
  3 worms
  3 dart slugs
  3 orcs
  A giant cockroach (D:2)
  A goblin (D:1)
  5 hobgoblins
  A quokka (D:2)
  7 bats
  5 frilled lizards
  5 kobolds
  5 rats (D:1)
46 creatures vanquished.

Notes
Turn   | Place    | Note
-------+----------+-------------------------------------------
     0 | D:1      | snakesoul the Gargoyle Fighter began the quest for the Orb.
     0 | D:1      | Reached XP level 1. HP: 14/14 MP: 1/1
    81 | D:1      | Reached XP level 2. HP: 12/19 MP: 2/2
   457 | D:2      | Reached XP level 3. HP: 23/23 MP: 3/3
   999 | D:2      | Reached XP level 4. HP: 29/29 MP: 4/4
  1169 | D:3      | Noticed snakesoul's ghost (amateur DEFE)
  1182 | D:3      | Killed snakesoul's ghost
  1182 | D:3      | Reached XP level 5. HP: 31/33 MP: 5/5
  1801 | D:4      | Noticed Sigmund
  1826 | D:4      | Killed Sigmund
  1826 | D:4      | Reached XP level 6. HP: 14/39 MP: 6/6
  2029 | D:4      | Slain by an ogre

Vault maps used:
D:1:      dpeg_arrival_pond, minivault_4
D:2:      first_bread
D:4:      portal_sewer_entry_e, uniq_sigmund

Skill      XL: |  1  2  3  4  5  6 |
---------------+-------------------+-----
Shields        | 4 |  4.8
Fighting       | 4 |  4.7
Armour         | 4 |  4.6
Maces & Flails | 3 4 |  4.0

Action                   |  1- 3 |  4- 6 || total
-------------------------+-------+-------++-------
Melee: Flail             |   102 |    95 ||   197
  Eat: Chunk             |       |     3 ||     3
Armor: Scale mail        |    83 |    53 ||   136
Dodge: Dodged            |    45 |    30 ||    75
Block: Shield            |    78 |    57 ||   135
